 Dungeon Crawl Stone Soup version 0.20-a0-3-g334f831 (webtiles) character file.

99249 hairmachine the Bludgeoner (level 16, -1/122 HPs)
             Began as a Formicid Fighter on Oct 30, 2016.
             Was the Champion of Nemelex Xobeh.
             Slain by a redback (10 damage)
             ... on level 1 of the Spider Nest.
             The game lasted 02:11:23 (29941 turns).

hairmachine the Bludgeoner (Formicid Fighter)      Turns: 29941, Time: 02:11:24

Health: -1/122     AC: 22    Str: 25    XL:     16   Next: 75%
Magic:  22/22      EV:  7    Int:  7    God:    Nemelex Xobeh [******]
Gold:   2296       SH: 26    Dex: 14    Spells: 0 memorised, 15 levels left

rFire  . . .     SeeInvis +     G - +11 great mace "Siexzasif" {vamp, *Noise +Blink Int-3 Dex+3}
rCold  . . .     Gourm    .     F - +0 plate armour
rNeg   . . .     Faith    .     k - +0 large shield
rPois  +         Spirit   .     (helmet unavailable)
rElec  .         Reflect  +     z - +2 cloak
rCorr  .         Harm     .     T - +1 pair of gloves {archery}
MR     ++...                    (no boots)
Stlth  ..........               o - +6 amulet of reflection
                                p - ring of poison resistance {rP+, !d}
                                m - ring of protection from magic {MR+, !d}

@: no status effects
A: permanent stasis, dig shafts and tunnels, four strong arms, antennae 3
a: Dig, Shaft Self, Triple Draw, Deal Four, Stack Five, Renounce Religion


You were on level 1 of the Spider Nest.
You worshipped Nemelex Xobeh.
Nemelex Xobeh was exalted by your worship.
You were not hungry.

You visited 4 branches of the dungeon, and saw 24 of its levels.
You also visited: Ossuary.

You collected 2576 gold pieces.
You spent 280 gold pieces at shops.


Innate Abilities, Weirdness & Mutations

You are under a permanent stasis effect.
You can dig through walls and to a lower floor.
Your four strong arms can wield two-handed weapons with a shield.
You have a pair of large antennae on your head. (SInv)


   Skills:
 - Level 10.0 Fighting
 + Level 19.1 Maces & Flails
 - Level 13.0 Armour
 - Level 14.0 Shields
 + Level 9.2 Evocations


You had 15 spell levels left.
You didn't know any spells.

Inventory:

Hand Weapons
 G - the +11 great mace "Siexzasif" (weapon) {vamp, *Noise +Blink Int-3 Dex+3}
   (You acquired it on level 3 of the Lair of Beasts)

   It inflicts no extra harm, but heals its wielder when it wounds a living foe.
   It affects your intelligence (-3).
   It affects your dexterity (+3).
   It lets you blink.
   It may make noises in combat.
Armour
 k - a +0 large shield (worn)
   (You found it on level 4 of the Lair of Beasts)
 z - a +2 cloak (worn)
   (You took it off Maurice on level 8 of the Dungeon)
 F - a +0 plate armour (worn)
   (You found it on level 2 of the Dungeon)
 T - a +1 pair of gloves of archery (worn)
   (You acquired it on level 3 of the Lair of Beasts)
Jewellery
 m - a ring of protection from magic (left hand) {MR+, !d}
   (You found it on level 10 of the Dungeon)
 o - a +6 amulet of reflection (around neck)
   (You took it off a hobgoblin on level 2 of the Dungeon)
 p - a ring of poison resistance (right hand) {rP+, !d}
   (You bought it in a shop on level 8 of the Dungeon)
 J - an uncursed amulet of regeneration {unknown}
   (You found it on level 14 of the Dungeon)
Wands
 e - a wand of acid (5/15)
   (You found it on level 12 of the Dungeon)
 D - a wand of polymorph (10/24)
   (You found it on level 6 of the Dungeon)
 R - a wand of enslavement (17/24)
   (You took it off Joseph on level 7 of the Dungeon)
Scrolls
 c - a scroll of recharging {!r}
 d - a scroll of fog {!r}
 h - 3 scrolls of enchant weapon {!r}
 i - 5 scrolls of enchant armour {!r}
 l - 4 scrolls of fear {!r}
 q - a scroll of amnesia {!r}
 r - 19 scrolls of remove curse {!r}
 P - 3 scrolls of magic mapping {!r}
Potions
 b - 12 potions of curing {!q}
 j - 2 potions of resistance {!q}
 s - 5 potions of magic {!q}
 v - 6 potions of heal wounds {!q}
 A - 2 potions of beneficial mutation {!q}
 H - 3 potions of agility {!q}
 I - 4 potions of flight {!q}
 K - a potion of cancellation {!q}
 N - 2 potions of might {!q}
 O - 3 potions of cure mutation {!q}
 S - a potion of invisibility {!q}
 U - 3 potions of lignification {!q}
 W - a potion of ambrosia {!q, unknown}
Miscellaneous
 a - a plain deck of summoning {drawn: 7} {god gift}
   (Nemelex Xobeh gifted it to you on level 9 of the Dungeon)
 n - an ornate deck of escape {god gift}
   (Nemelex Xobeh gifted it to you on level 12 of the Dungeon)
 t - an ornate deck of destruction {drawn: 4} {god gift}
   (Nemelex Xobeh gifted it to you on level 14 of the Dungeon)
 x - a legendary deck of destruction {drawn: 4} {god gift}
   (Nemelex Xobeh gifted it to you on level 3 of the Lair of Beasts)
 y - an ornate deck of summoning {drawn: 4} {god gift}
   (Nemelex Xobeh gifted it to you on level 3 of the Lair of Beasts)
 B - a plain deck of summoning {god gift}
   (Nemelex Xobeh gifted it to you on level 5 of the Lair of Beasts)
 C - an ornate deck of destruction {drawn: 9} {god gift}
   (Nemelex Xobeh gifted it to you on level 2 of the Lair of Beasts)
 L - a sack of spiders
 M - a plain deck of summoning {god gift}
   (Nemelex Xobeh gifted it to you on level 1 of the Lair of Beasts)
 Q - a legendary deck of escape {god gift}
   (Nemelex Xobeh gifted it to you on level 15 of the Dungeon)
 V - a plain deck of escape {drawn: 3} {god gift}
   (Nemelex Xobeh gifted it to you on level 9 of the Dungeon)
 Y - a phial of floods
   (You found it on level 9 of the Dungeon)
 Z - a plain deck of escape {god gift}
   (Nemelex Xobeh gifted it to you on level 6 of the Lair of Beasts)
Comestibles
 f - 9 bread rations
 g - 4 beef jerkies
 u - 48 fruits
 w - 10 meat rations
 E - a chunk of flesh
 X - 8 slices of pizza

Dungeon Overview and Level Annotations

Branches:
Dungeon (15/15)            Temple (0/1) D:6            Lair (6/6) D:10
 Shoals (0/4) Lair:4       Spider (1/4) Lair:2        Slime (0/5) Lair:5
    Orc (2/2) D:11            Elf (0/3) Orc:2        Vaults (0/5) D:13
 Depths (0/5) D:15

Altars:
Ashenzari
Elyvilon
Fedhas
Gozag
Hepliaklqana
Makhleb
Nemelex Xobeh
Uskayaw
Vehumet
Xom
Zin
The Shining One

Shops:
D:4 %   D:8 =

Annotations:
D:3 1 runed door
D:7 exclusions: door and statue
D:9 exclusion: door
Orc:2 Saint Roka

......sssc.....
.....ss@s§s...≈
.....†sss..§...
......Ns...s.^§
......[........
...............
...............
s..............
...............


You could see a demonic crawler, 2 wolf spiders, 6 jumping spiders, a
tarantella, 7 redbacks, a friendly naga sharpshooter and a friendly centaur.


Message History

The redback barely misses you.
A redback comes into view.
Damage: -6%(-7hp) hp: 85%(103hp)
Your plate armour prevents you from hitting the wolf spider.
You block the redback's attack. x2; You block the wolf spider's attack.
The wolf spider bites you. The redback bites you.
You are poisoned.
The redback poisons you!
The jumping spider leaps!
Your naga sharpshooter unwields an uncursed halberd.
Your naga sharpshooter wields an uncursed arbalest.
Your naga sharpshooter shoots a bolt.
The bolt hits the redback!
The bolt disappears in a puff of smoke!
Your centaur closely misses the redback.
The redback bites you! x2
* * * LOW HITPOINT WARNING * * *
The redback bites you but does no damage.
The redback bites you.
* * * LOW HITPOINT WARNING * * *
The tarantella bites you!
* * * LOW HITPOINT WARNING * * *
You are confused.
Huge Dmg: -29%(-35hp) hp: 56%(68hp)
You feel very sick. The wolf spider hits you.
* * * LOW HITPOINT WARNING * * *
The wolf spider barely misses you. The redback bites you.
* * * LOW HITPOINT WARNING * * *
The redback misses your naga sharpshooter.
The redback bites you.
* * * LOW HITPOINT WARNING * * *
Your centaur misses the redback.
The jumping spider leaps!
The redback bites you but does no damage.
The tarantella bites you but does no damage.
The redback bites you.
* * * LOW HITPOINT WARNING * * *
You are lethally poisoned!
The redback poisons you! The redback barely misses you.
The wolf spider hits you but does no damage.
The wolf spider bites you but does no damage.
The redback bites you but does no damage.
In your confused state, you trip and fall back down the stairs.
* * * LOW HITPOINT WARNING * * *
x2 You feel extremely sick.
The redback bites your naga sharpshooter!
The redback bites you but does no damage.
Your centaur hits the redback!
The tarantella bites you but does no damage.
The redback bites you.
* * * LOW HITPOINT WARNING * * *
The redback bites you but does no damage.
The wolf spider closely misses you. The wolf spider bites you.
* * * LOW HITPOINT WARNING * * *
Your naga sharpshooter shoots a bolt.
The bolt hits the redback!!
The redback dies!
The bolt disappears in a puff of smoke!
The wolf spider hits you!
* * * LOW HITPOINT WARNING * * *
The wolf spider barely misses you.
The jumping spider leaps!
The redback completely misses your naga sharpshooter.
Your centaur closely misses the redback.
The redback closely misses you. The redback barely misses you.
The redback bites you but does no damage.
A jumping spider comes into view.
Huge Dmg: -39%(-48hp) hp: 17%(20hp) Really quaff
b - 13 potions of curing {!q}?
You feel better.
The wolf spider hits you but does no damage.
You block the wolf spider's attack.
The jumping spider leaps!
You block the demonic crawler's attack. x3
The redback bites your naga sharpshooter!
The redback bites you but does no damage.
Your centaur closely misses the redback.
You block the redback's attack.
The redback bites you but does no damage. x2
Your naga sharpshooter spits poison at the redback.
The splash of poison hits the redback.
The redback dies!
Your life force feels restored.
The wolf spider hits you but does no damage.
The wolf spider bites you but does no damage.
The jumping spider leaps!
The demonic crawler barely misses you.
The demonic crawler hits you but does no damage. x2
Your centaur misses the redback. You block the redback's attack. x3
The wolf spider hits you but does no damage.
The wolf spider bites you.
* * * LOW HITPOINT WARNING * * *
The jumping spider closely misses your centaur.
The jumping spider barely misses your centaur.
Your naga sharpshooter shoots a bolt.
The bolt barely misses the demonic crawler.
The bolt hits the wolf spider!
The bolt disappears in a puff of smoke!
You block the demonic crawler's attack. The demonic crawler hits you.
* * * LOW HITPOINT WARNING * * *
You block the demonic crawler's attack.
The jumping spider leaps!
Your centaur hits the redback. The redback bites you.
* * * LOW HITPOINT WARNING * * *
The redback bites you!
* * * LOW HITPOINT WARNING * * *
The redback bites you!
You die...
Your body glows with a rainbow of weird colours and disappears.

Vault maps used:
D:1:      noname_arrival_rooms_in_the_neighbourhood
D:2:      first_bread
D:3:      zin_statuary, chequers_temple_overflow_minitemple,
          saegor_snake_ambush, uniq_crazy_yiuf_cottage, uniq_robin
D:4:      gammafunk_temple_overflow_pools, serial_shops, shop_statue
D:5:      marbit_many_paths
D:6:      elyvilon_altar_4, basic_altar, uniq_pikel, uniq_sigmund,
          uniq_blork_the_orc
D:7:      cheibriados_altar_wand_db, vehumet_statue, nicolae_ossuary_entry_giza,
          uniq_joseph
D:8:      demons_altar, serial_shops, shop, uniq_maurice
D:9:      hangedman_ranch, minmay_evil_grid
D:10:     dpeg_oklobed_lair
D:11:     erik_orc_2
D:12:     pond, uniq_fannar
D:13:     erik_vaults_1, basic_altar, hex_large, minmay_fire_ice_demons
D:14:     uniq_louise
D:15:     grunt_enter_depths_magical_seal, fedhas_altar_4
Lair:1:   enter_volcano_2, serial_bayou_pond_d, grunt_megastairs_3,
          infiniplex_staircase_pool
Lair:2:   dummy_spider_entry, small_statue_intersection, uniq_gastronok
Lair:3:   beast_lair_carwin_large_2, portal_ice_cave_rime,
          grunt_forest_large_clearings
Lair:4:   minmay_shoals_entry_centaurs, st_stairs_8, lemuel_fruit_tree
Lair:5:   minmay_slime_entry_pillars, eino_small_chamber_without_monster
Lair:6:   evilmike_catoblepas_cave, minivault_23, minivault_25, minivault_24
Orc:2:    st_orc_mages, lemuel_statue_altar, uniq_saint_roka
Ossuary:  ossuary_due_mausoleum

Notes
Turn   | Place    | Note
-------+----------+-------------------------------------------
     0 | D:1      | hairmachine the Formicid Fighter began the quest for the Orb.
     0 | D:1      | Reached XP level 1. HP: 18/18 MP: 1/1
   200 | D:1      | Reached XP level 2. HP: 24/24 MP: 2/2
   517 | D:1      | Reached skill level 3 in Maces & Flails
  1003 | D:1      | Reached XP level 3. HP: 29/29 MP: 3/3
  1399 | D:2      | Reached skill level 4 in Maces & Flails
  1399 | D:2      | Reached XP level 4. HP: 35/35 MP: 4/4
  1774 | D:2      | Reached XP level 5. HP: 39/41 MP: 5/5
  2037 | D:2      | Reached skill level 5 in Maces & Flails
  2781 | D:3      | Noticed Robin
  2970 | D:3      | Reached XP level 6. HP: 47/47 MP: 6/6
  2991 | D:3      | HP: 2/47 [orc priest/divine providence (13)]
  2993 | D:3      | Reached skill level 6 in Maces & Flails
  3571 | D:3      | Killed Robin
  3813 | D:3      | Found a runed door.
  4030 | D:3      | Found a glowing silver altar of Zin.
  4166 | D:3      | Found a glowing golden altar of the Shining One.
  4166 | D:3      | Found a hazy altar of Hepliaklqana.
  4183 | D:3      | Found a faded altar of an unknown god.
  4247 | D:3      | Found a sparkling altar of Nemelex Xobeh.
  4260 | D:3      | Reached skill level 7 in Maces & Flails
  4260 | D:3      | Reached XP level 7. HP: 48/52 MP: 7/7
  4282 | D:3      | Found a shattered altar of Ashenzari.
  4286 | D:3      | Became a worshipper of Nemelex Xobeh the Trickster
  4513 | D:4      | Received a gift from Nemelex Xobeh
  5004 | D:4      | Found Issebbu's Food Shoppe.
  5370 | D:4      | Found a shimmering altar of Xom.
  5371 | D:4      | Found a hide-covered altar of Uskayaw.
  5457 | D:4      | Reached skill level 8 in Maces & Flails
  5625 | D:4      | Reached skill level 1 in Evocations
  5786 | D:4      | Reached XP level 8. HP: 18/58 MP: 9/9
  6257 | D:5      | Entered Level 5 of the Dungeon
  6520 | D:5      | Reached * piety under Nemelex Xobeh
  6565 | D:5      | Received a gift from Nemelex Xobeh
  6653 | D:5      | Got a warped ring mail
  6784 | D:5      | Found an opulent altar of Gozag.
  7385 | D:5      | Reached skill level 9 in Maces & Flails
  7457 | D:6      | Found a blossoming altar of Fedhas.
  7457 | D:6      | Noticed xeno23's ghost (novice OpTm)
  7552 | D:6      | Noticed Pikel
  7570 | D:6      | Killed Pikel
  7570 | D:6      | Reached XP level 9. HP: 24/66 MP: 12/12
  7978 | D:6      | Reached skill level 5 in Fighting
  8049 | D:6      | Found a staircase to the Ecumenical Temple.
  8200 | D:6      | Noticed Blork the orc
  8227 | D:6      | Noticed Sigmund
  8242 | D:6      | Killed Sigmund
  8242 | D:6      | Reached skill level 10 in Maces & Flails
  8293 | D:6      | Killed xeno23's ghost
  8310 | D:6      | Killed Blork the orc
  8380 | D:6      | Found a white marble altar of Elyvilon.
  8675 | D:7      | Found a sand-covered staircase.
  8692 | Ossuary  | Entered an ossuary
  8692 | Ossuary  | Received a gift from Nemelex Xobeh
  9197 | D:7      | Reached XP level 10. HP: 79/79 MP: 13/13
  9402 | D:7      | Reached skill level 11 in Maces & Flails
  9411 | D:7      | Reached ** piety under Nemelex Xobeh
  9516 | D:7      | Noticed Joseph
  9920 | D:7      | Killed Joseph
 10195 | D:7      | Found a radiant altar of Vehumet.
 10915 | D:7      | Identified the +2 ring mail of Virtue {Dex+2} (You found it on level 5 of the Dungeon)
 11040 | D:8      | Noticed Maurice
 11547 | D:8      | Found Muocvuc's Jewellery Shoppe.
 11575 | D:8      | Reached skill level 5 in Shields
 11626 | D:8      | Bought an uncursed ring of poison resistance for 280 gold pieces
 11924 | D:8      | Killed Maurice
 11982 | D:8      | Reached skill level 12 in Maces & Flails
 12174 | D:8      | Found a burning altar of Makhleb.
 12685 | D:9      | Reached XP level 11. HP: 84/87 MP: 14/14
 12755 | D:9      | Reached skill level 5 in Armour
 13079 | D:9      | Received a gift from Nemelex Xobeh
 13604 | D:9      | Noticed a purple ugly thing
 13622 | D:9      | Killed a purple ugly thing
 13730 | D:9      | Noticed a flayed ghost
 13765 | D:9      | Killed a flayed ghost
 13979 | D:9      | Noticed a two-headed hydra
 13991 | D:9      | Killed a two-headed hydra
 14104 | D:9      | Got a shimmering quarterstaff
 14114 | D:9      | Noticed a five-headed hydra
 14130 | D:9      | Killed a five-headed hydra
 14130 | D:9      | Reached skill level 10 in Shields
 14429 | D:9      | Received a gift from Nemelex Xobeh
 14486 | D:10     | Entered Level 10 of the Dungeon
 14662 | D:10     | Reached XP level 12. HP: 87/94 MP: 15/15
 14761 | D:10     | Reached skill level 13 in Maces & Flails
 14880 | D:10     | Found a staircase to the Lair.
 14902 | Lair:1   | Entered Level 1 of the Lair of Beasts
 15066 | Lair:1   | Reached *** piety under Nemelex Xobeh
 15423 | Lair:1   | Received a gift from Nemelex Xobeh
 15495 | Lair:1   | Reached skill level 10 in Fighting
 15741 | Lair:1   | Reached skill level 5 in Evocations
 16241 | Lair:2   | Reached skill level 14 in Maces & Flails
 16586 | Lair:2   | Noticed Gastronok
 16650 | Lair:2   | Killed Gastronok
 16765 | Lair:2   | Found a hole to the Spider Nest.
 16839 | Lair:2   | Reached XP level 13. HP: 93/103 MP: 17/17
 17171 | Lair:2   | Received a gift from Nemelex Xobeh
 17541 | Lair:3   | Found a frozen archway.
 17636 | Lair:3   | Reached **** piety under Nemelex Xobeh
 17824 | Lair:3   | Received a gift from Nemelex Xobeh
 17849 | Lair:3   | Noticed an eight-headed hydra
 17862 | Lair:3   | an eight-headed hydra changed into an alligator
 18189 | Lair:3   | Noticed Armakuni's ghost (journeyman HuWn)
 18226 | Lair:3   | Killed Armakuni's ghost
 18451 | Lair:3   | Reached skill level 15 in Maces & Flails
 18530 | Lair:3   | Received a gift from Nemelex Xobeh
 18555 | Lair:3   | Identified 2 scrolls of acquirement {!r}
 18587 | Lair:3   | Got a steaming great mace
 19253 | Lair:4   | Identified the +11 great mace "Siexzasif" {vamp, *Noise +Blink Int-3 Dex+3} (You acquired it on level 3 of the Lair of Beasts)
 19323 | Lair:4   | Found a staircase to the Shoals.
 19373 | Lair:4   | Reached skill level 10 in Armour
 19850 | Lair:5   | Reached ***** piety under Nemelex Xobeh
 19850 | Lair:5   | Received a gift from Nemelex Xobeh
 19948 | Lair:5   | Noticed a six-headed hydra
 19972 | Lair:5   | Killed a six-headed hydra
 20043 | Lair:5   | Found a staircase to the Slime Pits.
 20436 | Lair:6   | Entered Level 6 of the Lair of Beasts
 20453 | Lair:6   | Noticed a seven-headed hydra
 20464 | Lair:6   | Killed a seven-headed hydra
 20558 | Lair:5   | Reached XP level 14. HP: 97/110 MP: 18/18
 20739 | Lair:6   | Received a gift from Nemelex Xobeh
 21092 | Lair:6   | Received a gift from Nemelex Xobeh
 21126 | Lair:6   | Reached skill level 16 in Maces & Flails
 22028 | Lair:6   | Got a twisted arbalest
 22650 | D:11     | Reached skill level 17 in Maces & Flails
 22748 | D:11     | Reached XP level 15. HP: 110/115 MP: 19/19
 23435 | D:11     | Received a gift from Nemelex Xobeh
 23620 | D:11     | Found a staircase to the Orcish Mines.
 23665 | Orc:1    | Entered Level 1 of the Orcish Mines
 23678 | Orc:1    | Noticed brucemayne's ghost (journeyman HOMo)
 23697 | Orc:1    | Killed brucemayne's ghost
 24272 | Orc:2    | Entered Level 2 of the Orcish Mines
 24275 | Orc:2    | Found a staircase to the Elven Halls.
 24574 | Orc:2    | Received a gift from Nemelex Xobeh
 24684 | Orc:2    | Reached ****** piety under Nemelex Xobeh
 24761 | Orc:2    | Noticed Saint Roka
 24781 | Orc:2    | Noticed Saint Roka
 24781 | Orc:2    | Saint Roka changed into Saint Roka the shadow dragon
 25352 | D:12     | Noticed Fannar
 25369 | D:12     | Killed Fannar
 25524 | D:12     | Received a gift from Nemelex Xobeh
 25935 | D:12     | Received a gift from Nemelex Xobeh
 26019 | D:12     | Reached skill level 18 in Maces & Flails
 26537 | D:13     | Found a sparkling altar of Nemelex Xobeh.
 26935 | D:13     | Reached XP level 16. HP: 122/122 MP: 20/20
 27003 | D:13     | Got a brightly glowing robe
 27016 | D:13     | Found a gate to the Vaults.
 27093 | D:13     | Received a gift from Nemelex Xobeh
 27936 | D:14     | Received a gift from Nemelex Xobeh
 28129 | D:14     | Noticed Louise
 28150 | D:14     | Killed Louise
 28577 | D:15     | Entered Level 15 of the Dungeon
 28578 | D:15     | Received a gift from Nemelex Xobeh
 28794 | D:15     | Found a blossoming altar of Fedhas.
 29342 | D:15     | Reached skill level 19 in Maces & Flails
 29573 | D:15     | Found a staircase to the Depths.
 29929 | Spider:1 | Entered Level 1 of the Spider Nest
 29929 | Spider:1 | Received a gift from Nemelex Xobeh
 29929 | Spider:1 | Received a gift from Nemelex Xobeh
 29941 | Spider:1 | Slain by a redback

Vanquished Creatures
  Gastronok (Lair:2)
  Louise (D:14)
  The ghost of Armakuni the Cruncher, a journeyman HuWn of Gozag (Lair:3)
  The ghost of brucemayne the Severer, a journeyman HOMo of Makhleb (Orc:1)
  Fannar (D:12)
  9 hydras
  4 centaur warriors
  4 catoblepae
  2 dancing weapons (D:13)
  2 alligators
  11 death yaks (Lair:6)
  An orc high priest (Orc:2)
  A sun demon (D:13)
  3 skeletal warriors (D:15)
  3 wizards (D:15)
  3 unseen horrors
  A flayed ghost (D:9)
  9 hill giants
  A necromancer (D:15)
  Pikel (D:6)
  A harpy (shapeshifter) (D:13)
  5 ugly things
  3 manticores
  2 deep elf magi
  7 orc sorcerers
  3 cyclopes
  3 elephants (Lair:6)
  A black mamba (Lair:2)
  Joseph (D:7)
  3 centaur zombies (D:15)
  10 spiny frogs
  A torpor snail (Lair:6)
  2 rime drakes (Lair:3)
  2 kobold demonologists
  An ice devil (D:13)
  The ghost of xeno23 the Insei, a novice OpTm (D:6)
  12 komodo dragons
  6 trolls
  A polar bear (Lair:6)
  4 two-headed ogres
  A hornet (D:12)
  14 slime creatures
  8 hippogriffs
  21 blink frogs
  2 dream sheep (D:9)
  A centaur simulacrum (D:15)
  Sigmund (D:6)
  2 vampires
  A spriggan (shapeshifter) (D:15)
  5 wraiths
  3 shadows
  A wyvern (D:14)
  55 yaks
  A human (shapeshifter) (D:15)
  A steam dragon (D:13)
  2 basilisks
  A warg (Orc:2)
  11 vampire mosquitoes
  A mottled dragon (D:13)
  6 water moccasins
  6 porcupines
  7 ice beasts
  2 swamp drakes (D:12)
  4 sky beasts
  20 orc warriors
  4 phantoms
  2 black bears
  2 eyes of draining
  6 wolves
  15 centaurs
  A tengu (Orc:2)
  10 ogres
  3 necrophages
  13 crocodiles
  9 big kobolds
  A gnoll sergeant (D:9)
  23 bullfrogs
  8 scorpions
  21 killer bees
  4 wights (D:9)
  A bullfrog zombie (D:13)
  9 crimson imps
  5 howler monkeys (D:9)
  9 hounds
  3 iron imps (D:8)
  A jelly (Lair:5)
  A quasit (D:11)
  27 orc priests
  2 bullfrog skeletons
  25 orc wizards
  6 centaur skeletons
  4 iguanas
  16 worker ants
  3 hound skeletons
  2 mummies
  A worker ant zombie (D:6)
  Robin (D:3)
  14 gnolls
  A howler monkey skeleton (D:5)
  13 adders
  5 shadow imps
  4 white imps (D:13)
  2 oozes (D:4)
  An adder skeleton (D:9)
  5 worms
  3 dart slugs (D:1)
  9 leopard geckos
  69 orcs
  2 ball pythons (D:3)
  3 giant cockroaches
  13 goblins
  14 hobgoblins
  5 jackals
  8 quokkas
  A ball python skeleton (D:5)
  5 bats
  7 frilled lizards
  8 gnoll skeletons (Ossuary)
  A goblin zombie (D:7)
  29 kobolds
  5 kobold skeletons (Ossuary)
  A kobold zombie (D:7)
  A leopard gecko skeleton (D:7)
  12 orc skeletons (Ossuary)
  A quokka skeleton (D:9)
  3 rats
  2 fungi
  2 plants (D:10)
793 creatures vanquished.

Vanquished Creatures (collateral kills)
  2 skeletal warriors (D:15)
  2 elephants (Lair:6)
  Maurice (D:8)
  A centaur zombie (D:11)
  A blink frog (Lair:3)
  2 redbacks (Spider:1)
  2 slaves (D:6)
  An orc warrior (D:8)
  An ogre (Orc:1)
  A boggart (Orc:2)
  Blork the orc (D:6)
  A killer bee (Orc:2)
  An electric eel (D:11)
  2 jellies
  2 orc priests
  2 orc wizards (Orc:2)
  An iguana (D:6)
  An adder (D:11)
  7 orcs
32 creatures vanquished.

Vanquished Creatures (others)
  An orc warrior (Orc:2)
  A slave (D:6)
  13 centaurs
  4 orc wizards (Orc:2)
  An orc priest (Orc:2)
  6 orcs
  A kobold (D:11)
  A quokka (D:6)
  9 fungi
  11 plants
48 creatures vanquished.

Grand Total: 873 creatures vanquished

Action                   |  1- 3 |  4- 6 |  7- 9 | 10-12 | 13-15 | 16-18 || total
-------------------------+-------+-------+-------+-------+-------+-------++-------
Melee: Flail             |    81 |   125 |       |       |       |       ||   206
       Whip              |       |   162 |   490 |   452 |       |       ||  1104
       Battleaxe         |       |       |       |    12 |       |       ||    12
       Dire flail        |       |       |       |   458 |   188 |       ||   646
       Great mace        |       |       |       |       |   871 |   316 ||  1187
Throw: Stone             |       |     7 |       |       |       |       ||     7
       Tomahawk          |       |       |     9 |    14 |     5 |       ||    28
 Abil: Dig               |       |     2 |     1 |     2 |     1 |       ||     6
Evoke: Deck              |       |       |    11 |     5 |    37 |     5 ||    58
       Wand              |       |       |     8 |     1 |     1 |     2 ||    12
  Use: Scroll            |     3 |     1 |     2 |    15 |     7 |     2 ||    30
       Potion            |       |     1 |     1 |     2 |     3 |     2 ||     9
 Stab: Distracted        |       |     1 |       |     1 |     1 |       ||     3
       Petrified         |       |       |       |       |     1 |       ||     1
       Petrifying        |       |       |       |       |     2 |       ||     2
  Eat: Chunk             |     2 |     9 |    13 |    24 |    33 |     9 ||    90
       Royal jelly       |       |       |     1 |       |     1 |       ||     2
       Beef jerky        |       |       |       |     1 |     2 |       ||     3
       Pizza             |       |       |       |       |       |     1 ||     1
Armor: Scale mail        |    38 |       |       |       |       |       ||    38
       Plate armour      |     3 |    99 |    93 |   143 |   315 |    96 ||   749
Dodge: Dodged            |    26 |    38 |    31 |    69 |   116 |    36 ||   316
Block: Shield            |    42 |   142 |   229 |   471 |   119 |       ||  1003
       Reflection        |       |       |     5 |    15 |    56 |    36 ||   112
       Large shield      |       |       |       |       |   948 |   325 ||  1273

Skill      XL: |  1  2  3  4  5  6  7  8  9 10 11 12 13 14 15 16 |
---------------+-------------------------------------------------+-----
Maces & Flails | 3 4 5 7 8 9 10 12 14 15 17 18 19 | 19.1
Evocations     | 2 4 6 9 |  9.2
Fighting       | 4 7 8 10 | 10.0
Shields        | 6 10 13 14 | 14.0
Armour         | 4 6 7 10 13 | 13.0
